 Dungeon Crawl Stone Soup version 0.27-a0-1186-g8b4daa1eef (webtiles) character file.

Game seed: 17458699958623918891

589 bjtr the Magician (level 7, 0/42 HPs)
             Began as a Gargoyle Hedge Wizard on May 20, 2021.
             Slain by a black bear (4 damage)
             ... on level 5 of the Dungeon.
             The game lasted 00:26:28 (5589 turns).

bjtr the Magician (Gargoyle Hedge Wizard)           Turns: 5589, Time: 00:26:29

Health: 0/42       AC:  9    Str: 13    XL:     7   Next: 38%
Magic:  2/14       EV: 12    Int: 17    God:
Gold:   212        SH:  0    Dex:  9    Spells: 7/15 levels left

rFire    . . .     SeeInvis .   t - +2 morningstar (protect)
rCold    . . .     Faith    .   (no shield)
rNeg     + . .     Spirit   .   b - +0 robe
rPois    ∞         Reflect  .   c - +0 hat
rElec    +         Harm     .   (no cloak)
rCorr    .         Rampage  .   (no gloves)
Will     .....                  m - +2 pair of boots
Stlth    ++........             (no amulet)
HPRegen  0.14/turn              (no ring)
MPRegen  0.14/turn              (no ring)

@: very slightly contaminated
A: sickness immunity, AC +4, negative energy resistance 1, electricity
resistance, torment resistance 1, petrification resistance
a: no special abilities


You were on level 5 of the Dungeon.
You visited 1 branch of the dungeon, and saw 5 of its levels.

You collected 333 gold pieces.
You spent 121 gold pieces at shops.

Inventory:

Hand Weapons
 a - a +1 short sword of venom
 f - a +0 spear
 g - a +1 mace
 l - a +0 hand crossbow
 n - a +0 quarterstaff
 q - a +0 war axe
 t - a +2 morningstar of protection (weapon)
 v - a +2 dagger of electrocution
Missiles
 h - 45 poisoned darts
 k - 6 datura-tipped darts
 o - 37 bolts
 u - 8 boomerangs
Armour
 b - a +0 robe (worn)
 c - a +0 hat (worn)
 e - a +0 leather armour
 m - a +2 pair of boots (worn)
Scrolls
 i - a scroll of identify
 j - 3 scrolls of teleportation
 s - 2 scrolls of enchant weapon
Potions
 d - 3 potions of mutation
 p - a potion of might {unknown}


   Skills:
 * Level 3.9 Fighting
 - Level 1.1 Maces & Flails
 + Level 3.0 Dodging
 + Level 3.6 Stealth
 + Level 4.7 Spellcasting
 + Level 1.5 Conjurations
 + Level 2.5 Summonings
 + Level 0.8 Translocations


You had 7 spell levels left.
You knew the following spells:

 Your Spells              Type           Power      Damage    Failure   Level
a - Magic Dart            Conj           36%        1d4       8%          1
b - Blink                 Tloc           N/A        N/A       16%         2
c - Call Imp              Summ           12%        N/A       8%          2
d - Mephitic Cloud        Conj/Pois/Air  5%         N/A       34%         3

Your spell library contained the following spells:

 Spells                   Type           Power      Damage    Failure   Level
 Pain                     Necr           16%        1d4       14%         1
 Passwall                 Tmut/Erth      3%         N/A       22%         2
 Slow                     Hex            4%         N/A       22%         2
 Conjure Flame            Conj/Fire      6%         6-21      32%         3
 Animate Armour           Summ/Erth      16%        N/A       65%         4
 Iron Shot                Conj/Erth      3%         9d2       100%        6
 Statue Form              Tmut/Erth      Unusable   N/A       N/A         6

Dungeon Overview and Level Annotations

Branches:
Dungeon (5/15)
 Temple: D:4-7

Altars:
Dithmenos
Fedhas
Kikubaaqudgha
Trog

Shops:
D:2 [*[

Annotations:
D:5 Menkaure


Innate Abilities, Weirdness & Mutations

You are immune to sickness and miasma.
Your stone body is resilient. (AC +4)
You are immune to poison.
You resist negative energy. (rN+)
You are resistant to electric shocks. (rElec)
You are resistant to unholy torment.
You are immune to petrification.


Message History

The magic dart hits the black bear but does no damage.
The black bear is almost dead.
Your crimson imp barely misses the black bear.
The black bear looks more energetic.
Your crimson imp hits the black bear.
The black bear goes berserk!
Your crimson imp blinks!
Casting: Magic Dart (safe; 8% risk of failure)
Confirm with . or Enter, or press ? or * to list all spells.
You miscast Blink.
You are very lightly contaminated with residual magic.
Nothing appears to happen.
The black bear barely misses you.
The black bear claws you but does no damage.
The black bear claws you.
* * * LOW HITPOINT WARNING * * *
Unknown command.
Casting: Blink (safe; 16% risk of failure)
Confirm with . or Enter, or press ? or * to list all spells.
You blink.
The black bear rages.
Casting: Blink (safe; 16% risk of failure)
Confirm with . or Enter, or press ? or * to list all spells.
A beastly little devil appears in a puff of flame.
The black bear misses your crimson imp. The black bear claws your crimson imp.
The black bear misses your crimson imp.
Your crimson imp blinks!
Casting: Call Imp (safe; 8% risk of failure)
Confirm with . or Enter, or press ? or * to list all spells.
You miscast Call Imp.
Nothing appears to happen.
The black bear rages.
The black bear completely misses you. The black bear barely misses you.
The black bear misses you.
The black bear rages.
The black bear barely misses you. x2
The black bear claws you but does no damage.
The black bear bites you.
* * * LOW HITPOINT WARNING * * *
The black bear claws you.
* * * LOW HITPOINT WARNING * * *
The black bear claws you.
You die...

#§§######...#............#####
#≈##⌠#⌠###..#.############...#
#≈#≈≈≈≈≈##..'.#........###._.#
##≈#≈...≈##..###.####....##...#.#
..≈#≈...≈⌠#..'......+...)#...##..
#..')._.≈##..###'####....#...####
..≈#§...≈⌠##.##.....#............
##≈#≈...≈###.##..........5.....##
#≈#§§≈≈§##..##.@.......#...#####
#≈##⌠#⌠###..#..h...#..##..P# #
#≈≈#######..#......####...## #
####....##..#....### #P_.# #
#####.........##..# #P..# #
(...'.........##..# ##### #
#####.........##5.#####. #
..............+.........
.##...........##.(#######+##


You could see a black bear (berserk, ally target) and a friendly crimson imp
(summoned).

Vanquished Creatures
  An ogre (D:4)
  A jelly (D:4)
  2 centaur zombies (D:5)
  2 bullfrog zombies (D:5)
  A hound (D:5)
  A hound skeleton (D:5)
  5 adders
  2 dart slugs (D:1)
  9 orcs
  4 endoplasms
  5 giant cockroaches
  7 goblins
  8 hobgoblins
  2 quokkas (D:3)
  10 ball pythons
  2 bats (D:1)
  3 frilled lizards (D:1)
  24 kobolds
  7 rats
96 creatures vanquished.

Vanquished Creatures (collateral kills)
  A necrophage (D:5)
  A kobold brigand (D:5)
  A scorpion (D:4)
  A jelly (D:5)
  An orc priest (D:3)
  2 iguanas
  3 orcs
  A ball python (D:3)
  A goblin (D:1)
  3 kobolds (D:5)
15 creatures vanquished.

Vanquished Creatures (others)
  39 plants (D:5)
  3 withered plants (D:5)
42 creatures vanquished.

Grand Total: 153 creatures vanquished

Notes
Turn   | Place    | Note
-------+----------+-------------------------------------------
     0 | D:1      | bjtr the Gargoyle Hedge Wizard began the quest for the Orb.
     0 | D:1      | Reached XP level 1. HP: 10/10 MP: 4/4
    62 | D:1      | Found a faded altar of an unknown god.
   201 | D:1      | Reached XP level 2. HP: 15/15 MP: 4/6
   252 | D:1      | Learned a level 2 spell: Blink
   255 | D:1      | Learned a level 2 spell: Call Imp
  1059 | D:1      | Reached XP level 3. HP: 19/19 MP: 8/8
  1063 | D:1      | Learned a level 3 spell: Mephitic Cloud
  1166 | D:2      | Found Salyfek's Assorted Antiques.
  1228 | D:2      | Bought a lumpy amethyst potion for 23 gold pieces
  1228 | D:2      | Bought a scroll labelled WUOGOAN KIBB for 26 gold pieces
  1228 | D:2      | Bought a grey potion for 23 gold pieces
  1228 | D:2      | Bought a scroll labelled JIPHYNN VOFAWA for 26 gold pieces
  1228 | D:2      | Bought a sedimented blue potion for 23 gold pieces
  1293 | D:2      | Found Zeer's Armour Emporium.
  1458 | D:2      | Reached skill level 1 in Fighting
  1512 | D:2      | Reached skill level 1 in Summonings
  1512 | D:2      | Reached XP level 4. HP: 20/25 MP: 9/9
  1698 | D:2      | Found Coutz's Armour Boutique.
  1825 | D:3      | Reached skill level 1 in Maces & Flails
  1919 | D:3      | Identified Sif Muna's Compendium of Earthen Unholy Secrets
  2911 | D:4      | Noticed an ogre
  2924 | D:4      | Reached XP level 5. HP: 29/29 MP: 10/10
  2935 | D:4      | Killed an ogre
  2936 | D:4      | Reached skill level 4 in Spellcasting
  3331 | D:4      | Found a shadowy altar of Dithmenos.
  3374 | D:4      | Reached XP level 6. HP: 24/36 MP: 7/12
  4157 | D:5      | Entered Level 5 of the Dungeon
  4158 | D:5      | Noticed Menkaure
  4540 | D:5      | Found a bloodstained altar of Trog.
  4790 | D:5      | Reached XP level 7. HP: 37/41 MP: 13/13
  5505 | D:5      | Found an ancient bone altar of Kikubaaqudgha.
  5506 | D:5      | Found a blossoming altar of Fedhas.
  5589 | D:5      | Slain by a black bear

Illustrated notes

Levels and vault maps discovered:
D:1:      psy_arrival_statuary, layout_loops_ring,
          hellmonk_ecumenical_altar_arch_garden, minmay_vboxes
D:2:      layout_rooms, serial_shops, shop, shop, shop_coins
D:3:      layout_rooms
D:4:      layout_cave_pods, general_overflow_altar
D:5:      kennysheep_kobold_camp, layout_basic, lightli_temple_of_fire,
          grunt_temple_overflow_growth_and_decay, uniq_menkaure

Skill      XL: |  1  2  3  4  5  6  7 |
---------------+----------------------+-----
Dodging        | 2 3 |  3.0
Fighting       | 1 2 3 |  3.9
Summonings     | 1 2 |  2.5
Maces & Flails | 1 |  1.1
Stealth        | 3 |  3.6
Spellcasting   | 4 |  4.7
Conjurations   | |  1.5
Translocations | |  0.8

Action                   |  1- 3 |  4- 6 |  7- 9 || total
-------------------------+-------+-------+-------++-------
Melee: Dagger            |    25 |       |       ||    25
       Mace              |   106 |    22 |       ||   128
       Morningstar       |       |   159 |    29 ||   188
 Cast: Magic Dart        |    18 |     8 |     1 ||    27
       Call Imp          |     4 |    22 |    14 ||    40
       Blink             |       |       |     2 ||     2
  Use: Scroll            |     5 |     2 |     1 ||     8
       Potion            |       |     6 |       ||     6
 Stab: Sleeping          |     2 |     7 |     2 ||    11
       Distracted        |       |     1 |       ||     1
Armor: Robe              |    60 |    83 |    39 ||   182
Dodge: Dodged            |   125 |   123 |    61 ||   309

Table legend: (Time is in decaauts)
 A = Elapsed time spent in this place.
 B = Non-inter-level travel time spent in this place.
 C = Inter-level travel time spent in this place.
 D = Time resting spent in this place.
 E = Time spent auto-exploring this place.
 F = Levels seen in this place.
 G = Mean time per level.
                   A        B        C        D        E       F      G
               +--------+--------+--------+--------+--------+-----+--------+
         Total |   5723 |   5608 |    115 |   1654 |   2507 |   5 | 1144.6 |
       Dungeon |   5723 |   5608 |    115 |   1654 |   2507 |   5 | 1144.6 |
               +--------+--------+--------+--------+--------+-----+--------+

Top non-repeatable levels by time:
     D:4: 1974 daAuts
     D:1: 1164 daAuts
     D:5: 1017 daAuts
     D:3: 872 daAuts
     D:2: 694 daAuts
